| TOP OF THE 1ST |
|
Los Angeles (NYP) Angels batting - Pitching for Hudson Valley Renegades : LHP John Sceviour
|
|
Pitching: LHP John Sceviour
|
|
|
Batting: RHB Joe Hewitt
|
0-0: Ball 1-0: DOUBLE (Line Drive, 9LS, EV 107.5 MPH)
|
|
Batting: RHB Arnaud Derosiers
|
0-0: Ball 1-0: Fly out, F9 (Flyball, 89D, EV 84.4 MPH)
|
|
Batting: RHB Dean LeCroy
|
0-0: Ball 1-0: Ball 2-0: Ball 3-0: Base on Balls
|
|
Batting: RHB Dan Burkhart
|
0-0: Called Strike 0-1: Ball 1-1: Called Strike 1-2: SINGLE (Line Drive, 34D, EV 99.4 MPH) Joe Hewitt to third Dean LeCroy to second
|
|
Batting: RHB Aaron Bryant
|
0-0: Ball 1-0: Fly out, F8 (Line Drive, 89M, EV 95.0 MPH)
|
|
Batting: LHB Bill Girton
|
0-0: Ball 1-0: Called Strike 1-1: Ball 2-1: Swinging Strike 2-2: Foul Ball, location: 2F 2-2: Strikes out swinging
|
| Top of the 1st over - 0 runs, 2 hits, 0 errors, 3 left on base; Los Angeles (NYP) 0 - Hudson Valley 0 |
| BOTTOM OF THE 1ST |
|
Hudson Valley Renegades batting - Pitching for Los Angeles (NYP) Angels : LHP Si-hun Yi
|
|
Pitching: LHP Si-hun Yi
|
|
|
Batting: SHB Chris Lockart
|
0-0: Ball 1-0: Foul Ball, location: 2F 1-1: Ball 2-1: Foul Ball, location: 2F 2-2: Strikes out swinging
|
|
Batting: LHB Jonathan Spino
|
0-0: Foul Ball, location: 2F 0-1: Swinging Strike 0-2: Fly out, F7 (Flyball, 7S, EV 85.0 MPH)
|
|
Batting: RHB Alex Koral
|
0-0: Ball 1-0: Ball 2-0: Ball 3-0: Base on Balls
|
|
Batting: RHB Kunizo Yanagisawa
|
0-0: Called Strike Alex Koral steals 2nd base 0-1: Called Strike 0-2: Ball Wild Pitch! Alex Koral to third 1-2: Ball 2-2: Foul Ball, location: 2F 2-2: Strikes out swinging
|
| Bottom of the 1st over - 0 runs, 0 hits, 0 errors, 1 left on base; Los Angeles (NYP) 0 - Hudson Valley 0 |
| TOP OF THE 2ND |
|
Los Angeles (NYP) Angels batting - Pitching for Hudson Valley Renegades : LHP John Sceviour
|
|
Batting: RHB Wilford Harper
|
0-0: Ball 1-0: Ball 2-0: Ball 3-0: Base on Balls
|
|
Batting: SHB Yuya Hirata
|
0-0: Ball 1-0: Fly out, F8 (Flyball, 8RXD, EV 105.6 MPH)
|
|
Batting: RHB Ron Major
|
0-0: SINGLE (Groundball, 6D, EV 107.5 MPH) Wilford Harper to second
|
|
Batting: RHB Joe Hewitt
|
0-0: Ball 1-0: DOUBLE (Line Drive, 89M, EV 112.5 MPH) Wilford Harper scores Ron Major to third Runner from 3rd tries for Home, SAFE, no throw by CF
|
|
Batting: RHB Arnaud Derosiers
|
0-0: Ball 1-0: Called Strike 1-1: Ball 2-1: Foul Ball, location: 2F 2-2: Strikes out swinging
|
|
Batting: RHB Dean LeCroy
|
0-0: Ball 1-0: Foul Ball, location: 2F 1-1: Ground out 6-3 (Groundball, 6S, EV 84.4 MPH)
|
| Top of the 2nd over - 2 runs, 2 hits, 0 errors, 1 left on base; Los Angeles (NYP) 2 - Hudson Valley 0 |
| BOTTOM OF THE 2ND |
|
Hudson Valley Renegades batting - Pitching for Los Angeles (NYP) Angels : LHP Si-hun Yi
|
|
Batting: SHB Joshua Jackson
|
0-0: Ball 1-0: Ball 2-0: Fly out, F9 (Flyball, 9, EV 92.5 MPH)
|
|
Batting: RHB Wan-ling Zhu
|
0-0: Ball 1-0: Ball 2-0: Ball 3-0: Called Strike 3-1: SINGLE (Groundball, 6MD, EV 98.8 MPH)
|
|
Batting: RHB Joe Hartigan
|
0-0: Called Strike 0-1: Ball 1-1: Ball 2-1: Swinging Strike Wan-ling Zhu steals 2nd base 2-2: Foul Ball, location: 2F 2-2: Foul Ball, location: 2F 2-2: Foul Ball, location: 2F 2-2: Ball 3-2: Fly out, F8 (Flyball, 78M, EV 98.8 MPH)
|
|
Batting: RHB Mikey Sano
|
0-0: Hit by Pitch
|
|
Batting: RHB Chris Glavin
|
0-0: Ball 1-0: Ball 2-0: Ball 3-0: Called Strike 3-1: Called Strike 3-2: Foul Ball, location: 2F 3-2: Ground out 6-3 (Groundball, 6S, EV 93.1 MPH)
|
| Bottom of the 2nd over - 0 runs, 1 hit, 0 errors, 2 left on base; Los Angeles (NYP) 2 - Hudson Valley 0 |
| TOP OF THE 3RD |
|
Los Angeles (NYP) Angels batting - Pitching for Hudson Valley Renegades : LHP John Sceviour
|
|
Batting: RHB Dan Burkhart
|
0-0: DOUBLE (Flyball, 8LXD, EV 110.0 MPH)
|
|
Batting: RHB Aaron Bryant
|
0-0: Called Strike 0-1: Ball 1-1: Ground out 4-3 (Groundball, 4S, EV 88.1 MPH) Dan Burkhart to third
|
|
Batting: LHB Bill Girton
|
0-0: Called Strike 0-1: Ball 1-1: Called Strike 1-2: Ball 2-2: Foul Ball, location: 2F 2-2: SINGLE (Line Drive, 4MD, EV 101.9 MPH) Dan Burkhart scores
|
|
Batting: RHB Wilford Harper
|
0-0: Called Strike Bill Girton is caught stealing 2nd base 2-4 0-1: Called Strike 0-2: Strikes out swinging
|
| Top of the 3rd over - 1 run, 2 hits, 0 errors, 0 left on base; Los Angeles (NYP) 3 - Hudson Valley 0 |
| BOTTOM OF THE 3RD |
|
Hudson Valley Renegades batting - Pitching for Los Angeles (NYP) Angels : LHP Si-hun Yi
|
|
Batting: SHB Chris Lockart
|
0-0: Called Strike 0-1: Ball 1-1: Foul Ball, location: 2F 1-2: Hit by Pitch
|
|
Batting: LHB Jonathan Spino
|
0-0: Called Strike Chris Lockart steals 2nd base 0-1: Ball 1-1: Foul Ball, location: 2F 1-2: Ground out U3 (Groundball, 34, EV 83.1 MPH) Chris Lockart to third
|
|
Batting: RHB Alex Koral
|
0-0: Ball 1-0: Called Strike Steal of home, Chris Lockart is out 1-1: Called Strike 1-2: Ball 2-2: Ground out 5-3 (Groundball, 5, EV 103.1 MPH)
|
| Bottom of the 3rd over - 0 runs, 0 hits, 0 errors, 0 left on base; Los Angeles (NYP) 3 - Hudson Valley 0 |
| TOP OF THE 4TH |
|
Los Angeles (NYP) Angels batting - Pitching for Hudson Valley Renegades : LHP John Sceviour
|
|
Batting: SHB Yuya Hirata
|
0-0: SINGLE (Groundball, 6MD, EV 105.0 MPH)
|
|
Batting: RHB Ron Major
|
0-0: Called Strike 0-1: Foul Ball, location: 2F 0-2: Ball 1-2: Ball 2-2: Foul Ball, location: 2F 2-2: Grounds into double play, 6-4-3 (Groundball, 56, EV 81.9 MPH)
|
|
Batting: RHB Joe Hewitt
|
0-0: Ball 1-0: Ball 2-0: Foul Ball, location: 2F 2-1: SINGLE (Line Drive, 89S, EV 105.0 MPH)
|
|
Batting: RHB Arnaud Derosiers
|
0-0: Called Strike 0-1: Ball 1-1: Ball 2-1: Ball 3-1: Base on Balls Joe Hewitt to second
|
|
Batting: RHB Dean LeCroy
|
0-0: Ball 1-0: Swinging Strike 1-1: Ball 2-1: Foul Ball, location: 2F 2-2: Ball 3-2: Foul Ball, location: 2F 3-2: Foul Ball, location: 2F 3-2: Base on Balls Joe Hewitt to third Arnaud Derosiers to second
|
|
Batting: RHB Dan Burkhart
|
0-0: Ball 1-0: Ball 2-0: Ball 3-0: Base on Balls Joe Hewitt scores Arnaud Derosiers to third Dean LeCroy to second
|
|
Batting: RHB Aaron Bryant
|
0-0: Fly out, F9 (Flyball, 9D, EV 103.1 MPH)
|
| Top of the 4th over - 1 run, 2 hits, 0 errors, 3 left on base; Los Angeles (NYP) 4 - Hudson Valley 0 |
| BOTTOM OF THE 4TH |
|
Hudson Valley Renegades batting - Pitching for Los Angeles (NYP) Angels : LHP Si-hun Yi
|
|
Batting: RHB Kunizo Yanagisawa
|
0-0: Called Strike 0-1: SINGLE (Groundball, 34, EV 103.1 MPH)
|
|
Batting: SHB Joshua Jackson
|
0-0: Ball 1-0: Ball 2-0: Ball 3-0: Called Strike 3-1: Base on Balls Kunizo Yanagisawa to second
|
|
Batting: RHB Wan-ling Zhu
|
0-0: Called Strike 0-1: Ball 1-1: Ball 2-1: Foul Ball, location: 2F 2-2: Fly out, F8 (Flyball, 78D, EV 93.8 MPH)
|
|
Batting: RHB Joe Hartigan
|
0-0: Swinging Strike 0-1: Ball 1-1: Called Strike 1-2: Foul Ball, location: 2F 1-2: Foul Ball, location: 2F 1-2: SINGLE (Line Drive, 89S, EV 110.0 MPH) Kunizo Yanagisawa to third Joshua Jackson to second
|
|
Batting: RHB Mikey Sano
|
0-0: Foul Ball, location: 2F 0-1: Swinging Strike 0-2: Ball 1-2: SINGLE (Line Drive, 7S, EV 98.1 MPH) Kunizo Yanagisawa scores Joshua Jackson to third Joe Hartigan to second
|
|
Pitching: LHP Paul Griffin
|
|
|
Batting: RHB Chris Glavin
|
0-0: Called Strike 0-1: Ball 1-1: Foul Ball, location: 2F 1-2: Foul Ball, location: 2F 1-2: Ball 2-2: Foul Ball, location: 2F 2-2: Foul Ball, location: 2F 2-2: Foul Ball, location: 2F 2-2: Ground out 5-3 (Groundball, 56S, EV 72.5 MPH) Joshua Jackson scores Joe Hartigan to third Mikey Sano to second
|
|
Batting: SHB Chris Lockart
|
0-0: Called Strike 0-1: Ground out 5-3 (Groundball, 56, EV 105.6 MPH)
|
| Bottom of the 4th over - 2 runs, 3 hits, 0 errors, 2 left on base; Los Angeles (NYP) 4 - Hudson Valley 2 |
| TOP OF THE 5TH |
|
Los Angeles (NYP) Angels batting - Pitching for Hudson Valley Renegades : LHP John Sceviour
|
|
Batting: LHB Bill Girton
|
0-0: Called Strike 0-1: Swinging Strike 0-2: Ball 1-2: Ball 2-2: Strikes out looking
|
|
Batting: RHB Wilford Harper
|
0-0: Ball 1-0: Called Strike 1-1: Called Strike 1-2: Foul Ball, location: 2F 1-2: Strikes out looking
|
|
Pitching: LHP John Schmidt
|
|
|
Batting: SHB Yuya Hirata
|
0-0: Ball 1-0: Swinging Strike 1-1: Called Strike 1-2: Ball 2-2: Foul Ball, location: 2F 2-2: Ball 3-2: Foul Ball, location: 2F 3-2: Foul Ball, location: 2F 3-2: Strikes out looking
|
| Top of the 5th over - 0 runs, 0 hits, 0 errors, 0 left on base; Los Angeles (NYP) 4 - Hudson Valley 2 |
| BOTTOM OF THE 5TH |
|
Hudson Valley Renegades batting - Pitching for Los Angeles (NYP) Angels : LHP Paul Griffin
|
|
Batting: LHB Jonathan Spino
|
0-0: Ground out 4-3 (Groundball, 4, EV 81.9 MPH)
|
|
Batting: RHB Alex Koral
|
0-0: Ball 1-0: Ball 2-0: Ball 3-0: Base on Balls
|
|
Batting: RHB Kunizo Yanagisawa
|
0-0: Called Strike Pickoff Throw to First - Error! E1 Alex Koral to second 0-1: Called Strike 0-2: Foul Ball, location: 2F 0-2: Strikes out swinging
|
|
Batting: SHB Joshua Jackson
|
0-0: Called Strike 0-1: Ball 1-1: Swinging Strike 1-2: Strikes out swinging
|
| Bottom of the 5th over - 0 runs, 0 hits, 1 error, 1 left on base; Los Angeles (NYP) 4 - Hudson Valley 2 |
| TOP OF THE 6TH |
|
Los Angeles (NYP) Angels batting - Pitching for Hudson Valley Renegades : LHP John Schmidt
|
|
Batting: RHB Ron Major
|
0-0: Called Strike 0-1: Foul Ball, location: 2F 0-2: DOUBLE (Line Drive, 89M, EV 106.2 MPH)
|
|
Batting: RHB Joe Hewitt
|
0-0: Foul Ball, location: 2F 0-1: Called Strike 0-2: Ball 1-2: Foul Ball, location: 2F 1-2: Ball 2-2: Strikes out swinging
|
|
Batting: RHB Arnaud Derosiers
|
0-0: Called Strike 0-1: Swinging Strike 0-2: Strikes out swinging
|
|
Batting: RHB Dean LeCroy
|
0-0: Foul Ball, location: 2F 0-1: Ball 1-1: Swinging Strike 1-2: Strikes out swinging
|
| Top of the 6th over - 0 runs, 1 hit, 0 errors, 1 left on base; Los Angeles (NYP) 4 - Hudson Valley 2 |
| BOTTOM OF THE 6TH |
|
Hudson Valley Renegades batting - Pitching for Los Angeles (NYP) Angels : LHP Paul Griffin
|
|
Batting: RHB Wan-ling Zhu
|
0-0: Called Strike 0-1: Ball 1-1: Fly out, F7 (Flyball, 7S, EV 93.1 MPH)
|
|
Batting: RHB Joe Hartigan
|
0-0: Called Strike 0-1: Ball 1-1: Swinging Strike 1-2: Strikes out swinging
|
|
Batting: RHB Mikey Sano
|
0-0: SINGLE (Groundball, 34D, EV 106.2 MPH)
|
|
Batting: RHB Chris Glavin
|
0-0: Ball 1-0: Foul Ball, location: 2F 1-1: Called Strike 1-2: Ground out 2-3 (Groundball, 2R, EV 68.8 MPH)
|
| Bottom of the 6th over - 0 runs, 1 hit, 0 errors, 1 left on base; Los Angeles (NYP) 4 - Hudson Valley 2 |
| TOP OF THE 7TH |
|
Los Angeles (NYP) Angels batting - Pitching for Hudson Valley Renegades : LHP John Schmidt
|
|
Batting: RHB Dan Burkhart
|
0-0: Ball 1-0: Ball 2-0: Called Strike 2-1: Fly out, F8 (Flyball, 8RM, EV 93.8 MPH)
|
|
Batting: RHB Aaron Bryant
|
0-0: Ball 1-0: Ball 2-0: Called Strike 2-1: DOUBLE (Line Drive, 7LS, EV 88.1 MPH)
|
|
Batting: LHB Bill Girton
|
0-0: Ball 1-0: Ball 2-0: Called Strike 2-1: Ball 3-1: Base on Balls
|
|
Pitching: RHP Brandon Isabell
|
|
|
Batting: RHB Wilford Harper
|
0-0: Ball 1-0: Foul Ball, location: 2F 1-1: Ball 2-1: Ball 3-1: Called Strike 3-2: Base on Balls Aaron Bryant to third Bill Girton to second
|
|
Batting: SHB Yuya Hirata
|
0-0: Fly out, F9 (Flyball, 9D, EV 106.9 MPH) Runner from 3rd tags up, SCORES, no throw by RF
|
|
Batting: RHB Ron Major
|
0-0: Ball Balk! Bill Girton to third Wilford Harper to second 1-0: Ball 2-0: Called Strike 2-1: Swinging Strike 2-2: Strikes out swinging
|
| Top of the 7th over - 1 run, 1 hit, 0 errors, 2 left on base; Los Angeles (NYP) 5 - Hudson Valley 2 |
| BOTTOM OF THE 7TH |
|
Hudson Valley Renegades batting - Pitching for Los Angeles (NYP) Angels : LHP Paul Griffin
|
|
Batting: SHB Chris Lockart
|
0-0: Called Strike 0-1: Ball 1-1: Ball 2-1: Ball 3-1: Called Strike 3-2: Base on Balls
|
|
Batting: LHB Jonathan Spino
|
0-0: Called Strike 0-1: Ball 1-1: Bunted foul 1-2: SINGLE (Flyball, 5D, EV 86.9 MPH) Chris Lockart to second
|
|
Pitching: RHP Eli Mercedes
|
|
|
Batting: RHB Alex Koral
|
0-0: Ball 1-0: Fly out, F8 (Line Drive, 8LM, EV 91.9 MPH)
|
|
Batting: RHB Kunizo Yanagisawa
|
0-0: Called Strike 0-1: Fly out, F8 (Flyball, 8RXD, EV 79.4 MPH) Runner from 2nd tags up, SAFE at 3rd, no throw by CF
|
|
Batting: SHB Joshua Jackson
|
0-0: Called Strike 0-1: Ball 1-1: Called Strike 1-2: Ball 2-2: Ball 3-2: Strikes out swinging
|
| Bottom of the 7th over - 0 runs, 1 hit, 0 errors, 2 left on base; Los Angeles (NYP) 5 - Hudson Valley 2 |
| TOP OF THE 8TH |
|
Los Angeles (NYP) Angels batting - Pitching for Hudson Valley Renegades : RHP Brandon Isabell
|
|
Batting: RHB Joe Hewitt
|
0-0: Called Strike 0-1: Ground out 1-3 (Groundball, 25, EV 70.0 MPH)
|
|
Batting: RHB Arnaud Derosiers
|
0-0: Called Strike 0-1: Called Strike 0-2: Foul Ball, location: 2F 0-2: Ball 1-2: Ground out U3 (Groundball, 34, EV 101.9 MPH)
|
|
Batting: RHB Dean LeCroy
|
0-0: Called Strike 0-1: Called Strike 0-2: Strikes out swinging
|
| Top of the 8th over - 0 runs, 0 hits, 0 errors, 0 left on base; Los Angeles (NYP) 5 - Hudson Valley 2 |
| BOTTOM OF THE 8TH |
|
Hudson Valley Renegades batting - Pitching for Los Angeles (NYP) Angels : RHP Eli Mercedes
|
|
Batting: RHB Wan-ling Zhu
|
0-0: Ball 1-0: Called Strike 1-1: Foul Ball, location: 2F 1-2: Foul Ball, location: 2F 1-2: Foul Ball, location: 2F 1-2: Ball 2-2: Ball 3-2: Ground out 5-3 (Groundball, 15, EV 86.2 MPH)
|
|
Batting: RHB Joe Hartigan
|
0-0: Called Strike 0-1: Swinging Strike 0-2: Ball 1-2: Ground out U3 (Groundball, 3, EV 102.5 MPH)
|
|
Batting: RHB Mikey Sano
|
0-0: Called Strike 0-1: SINGLE (Flyball, 3D, EV 93.1 MPH)
|
|
Batting: RHB Chris Glavin
|
0-0: Ball 1-0: Called Strike 1-1: SINGLE (Groundball, 56D, EV 111.2 MPH) Mikey Sano to second
|
|
Batting: SHB Chris Lockart
|
0-0: Ball 1-0: Called Strike 1-1: Foul Ball, location: 2F 1-2: Foul Ball, location: 2F 1-2: Ground out U3 (Groundball, 3, EV 111.2 MPH)
|
| Bottom of the 8th over - 0 runs, 2 hits, 0 errors, 2 left on base; Los Angeles (NYP) 5 - Hudson Valley 2 |
| TOP OF THE 9TH |
|
Los Angeles (NYP) Angels batting - Pitching for Hudson Valley Renegades : RHP Brandon Isabell
|
|
Pitching: RHP Matt Wicker
|
|
|
Batting: RHB Dan Burkhart
|
0-0: Called Strike 0-1: Called Strike 0-2: Ball 1-2: Fly out, F7 (Flyball, 7S, EV 81.2 MPH)
|
|
Batting: RHB Aaron Bryant
|
0-0: Ball 1-0: Ground out 4-3 (Groundball, 4MD, EV 103.8 MPH)
|
|
Batting: LHB Bill Girton
|
0-0: Ball 1-0: Foul Ball, location: 2F 1-1: Called Strike 1-2: Strikes out swinging
|
| Top of the 9th over - 0 runs, 0 hits, 0 errors, 0 left on base; Los Angeles (NYP) 5 - Hudson Valley 2 |
| BOTTOM OF THE 9TH |
|
Hudson Valley Renegades batting - Pitching for Los Angeles (NYP) Angels : RHP Eli Mercedes
|
|
Pitching: RHP Kunihiro Sasaki
|
|
|
Batting: LHB Jonathan Spino
|
0-0: Called Strike 0-1: Ball 1-1: Ball 2-1: Ball 3-1: Base on Balls
|
|
Batting: RHB Alex Koral
|
0-0: Foul Ball, location: 2F 0-1: Foul Ball, location: 2F 0-2: Foul Ball, location: 2F 0-2: Foul Ball, location: 2F 0-2: Ball 1-2: Grounds into double play, 5-4-3 (Groundball, 56, EV 98.1 MPH)
|
|
Batting: RHB Kunizo Yanagisawa
|
0-0: Called Strike 0-1: SINGLE (Groundball, 6MD, EV 96.9 MPH)
|
|
Batting: SHB Joshua Jackson
|
0-0: Fly out, F8 (Flyball, 78D, EV 80.0 MPH)
|
| Bottom of the 9th over - 0 runs, 1 hit, 0 errors, 1 left on base; Los Angeles (NYP) 5 - Hudson Valley 2 |
|